 Dungeon Crawl Stone Soup version 0.25-a0-290-g4a1327e (webtiles) character file.

Game seed: 15249202768729404640, levelgen mode: deterministic

262 Charmandara the Chiller (level 6, -4/41 HPs)
             Began as a Barachi Ice Elementalist on Dec 14, 2019.
             Slain by a gnoll
             ... wielding a +0 whip
              (10 damage)
             ... on level 5 of the Dungeon.
             The game lasted 00:06:43 (3326 turns).

Charmandara the Chiller (Barachi Ice Elementalist)  Turns: 3326, Time: 00:06:44

Health: -4/41      AC:  4    Str:  9    XL:     6   Next: 18%
Magic:  0/12       EV: 12    Int: 22    God:
Gold:   161        SH:  0    Dex: 13    Spells: 1/13 levels left

rFire    . . .     SeeInvis .   b - +0 whip
rCold    . . .     Gourm    .   (no shield)
rNeg     . . .     Faith    .   a - +0 robe
rPois    .         Spirit   .   (no helmet)
rElec    .         Reflect  .   j - +0 cloak
rCorr    .         Harm     .   o - +0 pair of gloves
MR       .....                  (no boots)
Stlth    ++........             (no amulet)
HPRegen  0.13/turn              (no ring)
MPRegen  0.13/turn              (no ring)

@: brilliant, can't hop, slow
A: +LOS, swims, slowness 1, strong legs 1
a: Hop


You were on level 5 of the Dungeon.
You were not hungry.

You visited 1 branch of the dungeon, and saw 5 of its levels.

You collected 161 gold pieces.

Inventory:

Hand Weapons
 b - a +0 whip (weapon)
   (You found it on level 1 of the Dungeon)
Armour
 a - a +0 robe (worn)
 j - a +0 cloak (worn)
   (You found it on level 1 of the Dungeon)
 o - a +0 pair of gloves (worn)
   (You found it on level 2 of the Dungeon)
Jewellery
 e - a cursed ring of attention {unknown}
   (You found it on level 1 of the Dungeon)
 g - an uncursed ring of wizardry {unknown}
   (You found it on level 4 of the Dungeon)
Scrolls
 f - a scroll of fog {unknown}
 h - a scroll of magic mapping {!r}
 k - 2 scrolls of remove curse {unknown}
 l - 2 scrolls of identify
 n - a scroll of noise {unknown}
Potions
 i - a potion of brilliance
 m - a potion of flight
Comestibles
 c - 4 rations


   Skills:
 - Level 2.1 Dodging
 - Level 1.7 Stealth
 - Level 4.0 Spellcasting
 + Level 2.0 Charms
 + Level 7.2 Ice Magic


You had one spell level left.
You knew the following spells:

 Your Spells              Type           Power        Failure   Level  Hunger
a - Freeze                Ice            ####         1%          1    None
b - Hailstorm             Conj/Ice       ####....     3%          4    ####...
c - Summon Ice Beast      Ice/Summ       ####....     3%          4    ####...
A - Ozocubu's Armour      Chrm/Ice       #####...     1%          3    ###....

Your spell library contained the following spells:

 Spells                   Type           Power        Failure   Level  Hunger


Dungeon Overview and Level Annotations

Branches:
Dungeon (5/15)
 Temple: D:4-7

Altars:
Okawaru

Annotations:
D:5 Edmund


Innate Abilities, Weirdness & Mutations

You can be seen from farther away. (+LOS)
You can swim through water.
You cover ground slowly.
You can hop short distances.


Message History

You now have 1/12 mp.
Unknown command.
Aim: a gnoll shaman, wielding a +0 club and wearing a +0 leather armour (moderately wounded)
You freeze the gnoll shaman!
The gnoll shaman hits you with a +0 club.
You take 1 damage, and have 23/41 hp.
You now have 0/12 mp.
Unknown command.
You barely miss the gnoll shaman.
The gnoll shaman hits you but does no damage.
You closely miss the gnoll shaman.
The gnoll shaman hits you but does no damage.
You barely miss the gnoll shaman. The gnoll shaman closely misses you.
The centaur skeleton hits you.
You take 2 damage, and have 21/41 hp.
You barely miss the gnoll shaman.
The centaur skeleton hits you but does no damage.
The gnoll shaman closely misses you.
Aim: a gnoll shaman, wielding a +0 club and wearing a +0 leather armour (severely wounded)
You freeze the gnoll shaman.
You kill the gnoll shaman!
Your Charms skill increases to level 2!
The centaur skeleton closely misses you.
The gnoll hits you with a +0 whip. The centaur skeleton barely misses you.
You take 2 damage, and have 20/41 hp.
You now have 0/12 mp.
You hit the gnoll. The gnoll closely misses you.
The centaur skeleton hits you but does no damage.
You completely miss the gnoll. The gnoll hits you but does no damage.
The centaur skeleton hits you. The gnoll closely misses you.
The centaur skeleton closely misses you.
You take 6 damage, and have 14/41 hp.
You barely miss the gnoll. The gnoll misses you.
The centaur skeleton closely misses you.
The gnoll completely misses you.
Okay, then.
You feel better.
The centaur skeleton hits you but does no damage.
The gnoll hits you with a +0 whip!
* * * LOW HITPOINT WARNING * * *
You take 2 damage, and have 12/41 hp.
Unknown command.
Unknown command.
You completely miss the gnoll. The gnoll hits you with a +0 whip.
* * * LOW HITPOINT WARNING * * *
The centaur skeleton hits you but does no damage.
The gnoll hits you with a +0 whip.
* * * LOW HITPOINT WARNING * * *
The centaur skeleton hits you.
* * * LOW HITPOINT WARNING * * *
You take 6 damage, and have 6/41 hp.
Unknown command.
Okay, then.
Hop to where?
Boing!
The centaur skeleton closely misses you.
Unknown command.
Unknown command.
Okay, then.
Okay, then.
Okay, then.
Your icy armour cracks and falls away as you move.
The gnoll misses you. The gnoll barely misses you.
There is an escape hatch in the floor here.
The gnoll misses you. The gnoll barely misses you.
You slide downwards.
The hatch slams shut behind you.
Found a stone staircase leading down.
Unknown command.
Aim: a gnoll, wielding a +0 whip (lightly wounded, fast)
You freeze the gnoll. The gnoll closely misses you.
You now have 1/12 mp.
Unknown command.
Aim: a gnoll, wielding a +0 whip (moderately wounded, fast)
You freeze the gnoll. The gnoll hits you with a +0 whip.
* * * LOW HITPOINT WARNING * * *
The gnoll barely misses you.
You take 4 damage, and have 4/41 hp.
You now have 0/12 mp.
Unknown command.
You don't have enough magic to cast that spell.
Unknown command.
You feel better. The gnoll hits you with a +0 whip.
* * * LOW HITPOINT WARNING * * *
You regained 6 hp, and now have 10/41 hp.
You barely miss the gnoll. The gnoll closely misses you.
A hound comes into view.
The gnoll barely misses you.
Unknown command.
You closely miss the gnoll. The gnoll hits you with a +0 whip.
* * * LOW HITPOINT WARNING * * *
The gnoll hits you but does no damage.
You take 5 damage, and have 5/41 hp.
The hound barks!
You hit the gnoll.
You hear a shout!
The gnoll barely misses you.
Edmund the Younger comes into view.
He is wielding a +2 dire flail of crushing and carrying a wand of digging (6).
Unknown command.
Aim: a gnoll, wielding a +0 whip (severely wounded, fast)
You freeze the gnoll. The gnoll hits you but does no damage.
The gnoll hits you with a +0 whip!
You die...

.. .. .. .. ##
.. #.## ..#
.##..###..###
#. #
....#......#
...#.
...#......#
.....#........#
#....g....###
#...@........
###..#.@##...
#.## h... ..
..... ... ....
.... ... ..>..
#. #.....
......


You could see Edmund, a hound and a gnoll.

Vanquished Creatures
  An orc priest (D:3)
  A gnoll shaman (D:4)
  A hound (D:4)
  An orc wizard (D:3)
  A killer bee zombie (D:2)
  5 adders
  2 gnolls (D:4)
  A worm (D:3)
  7 orcs (D:3)
  6 giant cockroaches
  9 goblins
  4 hobgoblins
  2 quokkas
  A ball python (D:3)
  6 bats
  3 frilled lizards
  5 kobolds
  7 rats
63 creatures vanquished.

Notes
Turn   | Place    | Note
-------+----------+-------------------------------------------
     0 | D:1      | Charmandara the Barachi Ice Elementalist began the quest
                  | for the Orb.
     0 | D:1      | Reached XP level 1. HP: 13/13 MP: 3/3
   112 | D:1      | Reached skill level 5 in Ice Magic
   264 | D:1      | Reached XP level 2. HP: 12/19 MP: 0/5
  1006 | D:2      | Reached skill level 3 in Spellcasting
  1006 | D:2      | Reached XP level 3. HP: 16/24 MP: 2/7
  1014 | D:2      | Learned a level 3 spell: Ozocubu's Armour
  1612 | D:2      | Reached skill level 6 in Ice Magic
  1612 | D:2      | Reached XP level 4. HP: 30/30 MP: 8/8
  1641 | D:2      | Learned a level 4 spell: Hailstorm
  2227 | D:3      | Reached XP level 5. HP: 18/35 MP: 0/10
  2231 | D:3      | Reached skill level 4 in Spellcasting
  2272 | D:3      | Learned a level 4 spell: Summon Ice Beast
  2528 | D:3      | HP: 1/35 [worm (9)]
  3081 | D:3      | Found an iron altar of Okawaru.
  3292 | D:4      | Reached skill level 1 in Charms
  3292 | D:4      | Reached skill level 7 in Ice Magic
  3297 | D:4      | Reached XP level 6. HP: 28/41 MP: 3/12
  3306 | D:4      | Reached skill level 2 in Charms
  3311 | D:4      | HP: 9/41 [gnoll/+0 whip (3)]
  3319 | D:5      | Entered Level 5 of the Dungeon
  3321 | D:5      | HP: 4/41 [gnoll/+0 whip (4)]
  3325 | D:5      | Noticed Edmund
  3326 | D:5      | Slain by a gnoll

Levels and vault maps discovered:
D:1:      elethiomel_arrival_infinity_welcomes_careful_drivers, layout_basic,
          minmay_domino_2
D:2:      layout_loops_corners
D:3:      layout_basic, nicolae_overflow_crystal_walls, serial_glass,
          glass_columns_c, glass_columns_a
D:4:      layout_rooms
D:5:      layout_cave_pools, basic_altar, first_ration, uniq_crazy_yiuf_cottage,
          uniq_edmund

Skill      XL: |  1  2  3  4  5  6 |
---------------+-------------------+-----
Ice Magic      | 5 6 7 |  7.2
Spellcasting   | 3 4 |  4.0
Charms         | 1 2 |  2.0
Dodging        | |  2.1
Stealth        | |  1.7

Action                   |  1- 3 |  4- 6 || total
-------------------------+-------+-------++-------
Melee: Whip              |    23 |    41 ||    64
 Cast: Freeze            |    40 |    55 ||    95
       Hailstorm         |       |     2 ||     2
       Ozocubu's Armour  |       |     1 ||     1
 Abil: Hop               |       |     2 ||     2
  Use: Potion            |     5 |     5 ||    10
       Scroll            |     2 |       ||     2
  Eat: Chunk             |     3 |     3 ||     6
       Ration            |       |     1 ||     1
Armor: Robe              |    22 |    21 ||    43
Dodge: Dodged            |    42 |    71 ||   113

Table legend:
 A = Non-vault XP
 B = Vault XP
 C = Vault XP percentage of total XP
 D = Non-vault monster count
 E = Vault monster count
 F = Vault count percentage of total count
                 A         B        C        D         E       F
            +---------+---------+-------+---------+---------+-------
      Total |     374 |       1 |   0.3 |      62 |       1 |   1.6
            +---------+---------+-------+---------+---------+-------
        D:1 |      24 |       1 |   4.0 |      15 |       1 |   6.2
        D:2 |      63 |       0 |   0.0 |      18 |       0 |   0.0
        D:3 |     176 |       0 |   0.0 |      24 |       0 |   0.0
        D:4 |     111 |       0 |   0.0 |       5 |       0 |   0.0
            +---------+---------+-------+---------+---------+-------

Levels and vault maps discovered:
D:1:      elethiomel_arrival_infinity_welcomes_careful_drivers, layout_basic,
          minmay_domino_2
D:2:      layout_loops_corners
D:3:      layout_basic, nicolae_overflow_crystal_walls, serial_glass,
          glass_columns_c, glass_columns_a
D:4:      layout_rooms
D:5:      layout_cave_pools, basic_altar, first_ration, uniq_crazy_yiuf_cottage,
          uniq_edmund

Table legend:
 A = Turns spent in this place as a percentage of turns spent in the entire game.
 B = Non-inter-level travel turns spent in this place as a percentage of non-inter-level travel turns spent in the entire game.
 C = Inter-level travel turns spent in this place as a percentage of turns spent in this place.
 D = Turns resting spent in this place as a percentage of non-inter-level travel turns spent in this place.
 E = Turns spent auto-exploring this place as a percentage of non-inter-level travel turns spent in this place.
 F = Non-inter-level travel turns spent in this place divided by the number of levels of this place that you've seen.
                   A       B       C       D       E      F
               +-------+-------+-------+-------+-------+----------------------
         Total | 100.0 | 100.0 |   3.5 |  29.7 |  52.4 | 641.6
       Dungeon | 100.0 | 100.0 |   3.5 |  29.7 |  52.4 | 641.6
               +-------+-------+-------+-------+-------+----------------------

Table legend:
 A = Kills in this place as a percentage of kills in entire the game.
 B = Kills by you in this place as a percentage of kills by you in the entire game.
 C = Kills by friends in this place as a percentage of kills by friends in the entire game.
 D = Other kills in this place as a percentage of other kills in the entire game.
 E = Experience gained in this place as a percentage of experience gained in the entire game.
 F = Experience gained in this place divided by the number of levels of this place that you have seen.
                   A       B       C       D       E      F
               +-------+-------+-------+-------+-------+----------------------
         Total | 100.0 | 100.0 |   N/A |   N/A | 100.0 |  75.0
       Dungeon | 100.0 | 100.0 |   N/A |   N/A | 100.0 |  75.0
               +-------+-------+-------+-------+-------+----------------------
